 Dungeon Crawl Stone Soup version 0.32-a0-705-g60f233581c (webtiles) character file.

Game seed: 13656076597167067630

169376 Aldia the Lord of Darkness (level 17, -2/131 HPs)
             Began as a Vampire Enchanter on Mar 14, 2024.
             Was the Champion of Kikubaaqudgha.
             Slain by a salamander
             ... wielding a +0 glaive
              (7 damage)
             ... on level 4 of the Snake Pit.
             The game lasted 01:45:46 (27382 turns).

Aldia the Lord of Darkness (Vampire Enchanter)     Turns: 27382, Time: 01:45:46

Health: -2/131     AC: 15    Str:  7    XL:     17   Next: 35%
Magic:  16/38      EV: 24    Int: 21    God:    Kikubaaqudgha [******]
Gold:   1649       SH:  0    Dex: 19    Spells: 5/32 levels left

rFire   + . .        N - +8 quick blade (pain)
rCold   + . .        b - +0 buckler
rNeg    . . .        A - +3 leather armour of the Pirate {rElec rPois MP+9}
rPois   +            n - +1 helmet "Huamm" {rPois rC+ Regen+}
rElec   +            m - +0 cloak {Will+}
rCorr   .            T - +2 pair of gloves
SInv    +            z - +1 pair of boots
Will    ++...        u - amulet of regeneration
Stlth   ++           w - ring of protection from fire
HPRegen 2.21/turn    X - +5 ring of evasion
MPRegen 0.26/turn

%: no passive effects
@: confused, brilliant, lethally poisoned (-2 -> -3), about to teleport,
ambrosia-drunk, marked, animating dead, very slightly contaminated, healing
quickly
A: alive, fangs 3, see invisible, vampiric 2
a: Exsanguinate, Renounce Religion, Unearth Wretches, Torment


You were on level 4 of the Snake Pit.
You worshipped Kikubaaqudgha.
Kikubaaqudgha was exalted by your worship.
You visited 5 branches of the dungeon, and saw 27 of its levels.
You also visited: Gauntlet, Ice Cave and Volcano.

You collected 3126 gold pieces.
You spent 1477 gold pieces at shops.

Inventory:

Hand Weapons
 t - the +10 dagger "Kademoar" {drain, rPois Will+}
   (You took it off a minotaur in a Gauntlet)

   rPois:     It protects you from poison.
   Will+:     It increases your willpower.
 N - a +8 quick blade of pain (weapon)
 P - a +0 demon blade of freezing
Missiles
 k - 5 datura-tipped darts (quivered)
 C - 12 curare-tipped darts
 W - a throwing net
Armour
 b - a +0 buckler (worn)
 m - a +0 cloak of willpower (worn)
 n - the +1 helmet "Huamm" (worn) {rPois rC+ Regen+}
   (You found it on level 3 of the Lair of Beasts)

   rC+:       It protects you from cold.
   rPois:     It protects you from poison.
   Regen+:    It increases your rate of health regeneration.
 p - +2 steam dragon scales
 z - a +1 pair of boots (worn)
 A - the +3 leather armour of the Pirate (worn) {rElec rPois MP+9}
   (You found it on level 5 of the Dungeon)

   rElec:     It insulates you from electricity.
   rPois:     It protects you from poison.
   MP+9:      It affects your magic capacity (+9).
 B - a +0 kite shield
 T - a +2 pair of gloves (worn)
Magical Staves
 L - a staff of death
Jewellery
 u - an amulet of regeneration (around neck)
 w - a ring of protection from fire (left hand)
 D - the ring of Joedghuta {Wiz *Slow rPois rF+}
   (You took it off a centaur warrior on level 13 of the Dungeon)

   [ring of wizardry]

   Wiz:       It improves your spell success rate.
   rF+:       It protects you from fire.
   rPois:     It protects you from poison.
   *Slow:     It may slow you when you take damage.
 M - the ring "Suwite" {Wiz *Corrode rElec Dex+4}
   (You took it off a minotaur in a Gauntlet)

   [ring of wizardry]

   Wiz:       It improves your spell success rate.
   Dex+4:     It affects your dexterity (+4).
   rElec:     It insulates you from electricity.
   *Corrode:  It may corrode you when you take damage.
 X - a +5 ring of evasion (right hand)
Talismans
 y - a beast talisman
Wands
 x - a wand of digging (4)
 S - a wand of charming (12)
 Y - a wand of light (12)
 Z - a wand of mindburst (6)
Scrolls
 d - 10 scrolls of teleportation
 e - 8 scrolls of immolation
 f - 4 scrolls of vulnerability
 g - 4 scrolls of fog
 i - 5 scrolls of identify
 q - 4 scrolls of noise
 r - a scroll of silence
 G - a scroll of summoning
 K - 3 scrolls of poison
 O - 2 scrolls of blinking
 Q - 3 scrolls of torment
Potions
 a - 6 potions of lignification
 c - 3 potions of invisibility
 j - 5 potions of might
 l - 6 potions of brilliance
 o - 6 potions of mutation
 s - a potion of attraction
 v - 3 potions of resistance
 E - 3 potions of magic
 F - 3 potions of heal wounds
 H - 7 potions of curing
 I - 2 potions of enlightenment
 R - 5 potions of haste
Miscellaneous
 U - a phial of floods
 V - a condenser vane


   Skills:
 + Level 11.0 Fighting
 - Level 14.0 Short Blades
 - Level 3.2 Armour
 + Level 14.5 Dodging
 - Level 12.0 Stealth
 + Level 6.9 Shields
 + Level 8.3 Spellcasting
 - Level 10.0 Hexes
 - Level 5.0 Summonings
 + Level 15.4 Necromancy
 - Level 1.0 Ice Magic
 - Level 10.0 Earth Magic
 - Level 5.0 Evocations


You had 5 spell levels left.
You knew the following spells:

 Your Spells              Type           Power      Damage    Failure   Level
b - Confusing Touch       Hex            66%        N/A       1%          3
c - Tukima's Dance        Hex            66%        N/A       1%          3
d - Animate Dead          Necr           84%        N/A       1%          4
e - Dispel Undead         Necr           84%        3d27      1%          4
f - Anguish               Hex/Necr       38%        N/A       1%          4
g - Borgnjor's Vile Clut  Necr/Erth      37%        N/A       2%          5
h - Martyr's Knell        Necr/Summ      67%        N/A       2%          4

Your spell library contained the following spells:

 Spells                   Type           Power      Damage    Failure   Level
 Kiss of Death            Conj/Necr      100%       2d13      1%          1
 Sandblast                Erth           100%       2d20      1%          1
 Sublimation of Blood     Necr           84%        N/A       1%          2
 Passwall                 Erth           66%        N/A       1%          3
 Vampiric Draining        Necr           84%        2d12      1%          3
 Ensorcelled Hibernation  Hex/Ice        94%        N/A       2%          2
 Cigotuvi's Dreadful Rot  Necr/Alch/Air  90%        N/A       3%          2
 Dazzling Flash           Conj/Hex       88%        N/A       6%          3
 Inner Flame              Hex/Fire       44%        N/A       6%          3
 Stone Arrow              Conj/Erth      88%        3d12      6%          3
 Freeze                   Ice            76%        1d8       11%         1
 Sting                    Conj/Alch      52%        1d6       17%         1
 Brom's Barrelling Bould  Conj/Erth      44%        2d6       22%         4
 Petrify                  Alch/Erth      44%        N/A       22%         4
 Mercury Vapours          Alch/Air       26%        N/A       26%         2
 Static Discharge         Conj/Air       26%        3-5/arc   26%         2
 Frozen Ramparts          Ice            38%        1d6       32%         3
 Hailstorm                Conj/Ice       16%        3d6       38%         3
 Mephitic Cloud           Conj/Alch/Air  13%        N/A       45%         3
 Swiftness                Air            13%        N/A       45%         3
 Volatile Blastmotes      Fire/Tloc      26%        2d12      45%         3
 Summon Blazeheart Golem  Fire/Summ      28%        N/A       52%         4
 Summon Lightning Spire   Summ/Air       28%        N/A       52%         4
 Airstrike                Air            6%         2d(1-17)  86%         4
 Flame Wave               Conj/Fire      13%        2d6       86%         4
 Olgreb's Toxic Radiance  Alch           13%        N/A       86%         4
 Sticky Flame             Fire/Alch      13%        2d5       86%         4
 Vhi's Electric Charge    Tloc/Air       26%        N/A       86%         4
 Arcjolt                  Conj/Air       6%         1d16      99%         5
 Freezing Cloud           Conj/Ice/Air   7%         6-21      99%         5
 Irradiate                Conj/Alch      6%         3d13      99%         5
 Infestation              Necr           42%        N/A       88%         8
 Haunt                    Necr/Summ      33%        N/A       91%         7
 Bombard                  Conj/Erth      22%        9d4       97%         6
 Orb of Destruction       Conj           6%         9d6       100%        7
 Spellforged Servitor     Conj/Summ      14%        N/A       100%        7
 Ignition                 Fire           6%         3d4       100%        8
 Maxwell's Capacitive Co  Air            6%         ∞         100%        8


Dungeon Overview and Level Annotations

Branches:
Dungeon (15/15)            Temple (1/1) D:7            Lair (5/5) D:8
 Shoals (0/4) Lair:3        Snake (4/4) Lair:2        Slime (0/5) Lair:4
    Orc (2/2) D:12            Elf (0/3) Orc:2        Vaults (0/5) D:13
 Depths (0/4) D:15          IceCv (visited)         Volcano (visited)
Gauntlet (visited)

Altars:
Ashenzari
Cheibriados
Dithmenos
Fedhas
Gozag
Hepliaklqana
Kikubaaqudgha
Makhleb
Nemelex Xobeh
Okawaru
Qazlal
Ru
Sif Muna
Trog
Uskayaw
Vehumet
Wu Jian
Xom
Yredelemnul
Beogh
Jiyva

Shops:
D:13 !   Orc:1 (   Orc:2 (==[*   Snake:4 ?(:

Annotations:
D:7 Gastronok
D:9 3 runed translucent doors, exclusion: ice statue, glumbocoin's ghost, novice TrSh
D:11 1 runed translucent door
Lair:1 exclusion: oklob plant
Lair:4 exclusion: 3 oklob plants


Innate Abilities, Weirdness & Mutations

Your natural rate of healing is accelerated.
You have razor-sharp teeth.
You have supernaturally acute eyesight. (SInv)
You are afflicted with vampirism and can become a bat while bloodless.


Message History

The nagaraja points at you and mumbles some strange words.
The poison arrow hits your flayed ghost!
Your flayed ghost partially resists.
Your flayed ghost hits the nagaraja but does no damage.
The shock serpent shoots out a bolt of lightning at you!
The bolt of electricity hits the naga sharpshooter!!
The bolt of electricity hits your salamander tyrant zombie!!
The bolt of electricity hits your naga warrior zombie!!
Your naga warrior zombie is destroyed!
The bolt of electricity hits your shock serpent zombie!!
The bolt of electricity misses you.
The bolt of electricity hits your naga zombie!!
Your naga zombie is destroyed!
Your naga zombie hits the salamander!
Your naga zombie constricts the salamander.
Your anaconda zombie bites the salamander mystic.
Your anaconda zombie constricts the salamander mystic.
The guardian serpent struggles to escape constriction.
Your naga zombie hits the salamander.
Your naga zombie constricts the salamander.
Unknown command.
Unknown command.
Unknown command.
Unknown command.
You are confused.
You feel invigorated.
The zombie hands constrict the shock serpent.
The zombie hands constrict the guardian serpent!
You feel very sick.
The salamander no longer looks unusually strong.
* * * LOW HITPOINT WARNING * * *
You are more poisoned.
The naga ritualist's toxic aura wanes.
The salamander hits your salamander mystic zombie.
Your salamander mystic zombie is engulfed in flames!
The salamander hits you from afar with a +0 glaive.
* * * LOW HITPOINT WARNING * * *
You are engulfed in flames!
You resist.
You die...
Kikubaaqudgha rasps: You have failed me!
Welcome... death! ...##.. #...#ZN # ###.N.NS#N ### ##.##NNNSSN

.. ##.# ##...##NNNN# ....##).#
##.....##NNZ## #...##....
#.......##ZWZ## #...##.....
##......####.Z.## #...##......
#.......#..##@ZZ##...##.##....
##......##..###$NNS..##........
##......##....^##)SN.##..##.....
##......##.......##''##.....##...
#...#........<.#.................
...##...........##.##.....#......
.##.....#.................#......
##.!...#..#.....................#
.∩.#.....#...........####.......#


You could see 3 nagarajas, a naga sharpshooter (strong, distracted), 2
salamander mystics, 4 salamanders, 2 naga ritualists, 2 shock serpents, 3
guardian serpents, 3 nagas, a friendly flayed ghost (summoned, weak), a friendly
black mamba zombie, a friendly anaconda zombie, 2 friendly naga zombies, a
friendly shock serpent zombie, a friendly salamander mystic zombie and a
friendly salamander tyrant zombie.

Vanquished Creatures
  Vashnia (Snake:3)
  Nikola (Snake:3)
  Mlioglotl (Snake:3)
  Aizul (Snake:2)
  A nagaraja (Snake:2)
  Donald (Snake:2)
  Louise (Snake:2)
  2 orc warlords (Orc:2)
  A minotaur (Gauntlet)
  3 hydras
  Erolcha (D:10)
  6 anacondas
  7 two-headed ogres
  An ogre mage (D:15)
  A salamander tyrant (Snake:4)
  3 boulder beetles
  3 centaur warriors
  3 death yaks (Lair:5)
  3 tengu warriors
  An orc high priest (Orc:2)
  Urug (Lair:1)
  4 naga warriors
  5 naga sharpshooters
  5 shock serpents
  A thrashing horror (Gauntlet)
  Sonja (D:12)
  Nergalle (D:12)
  2 fire crabs
  A skyshark (Lair:2)
  Lodul (D:11)
  3 naga ritualists
  6 mana vipers
  2 arcanists (D:13)
  7 orc knights
  4 ugly things (D:15)
  An oklob plant (Lair:3)
  7 cyclopes
  3 manticores (D:13)
  11 salamanders
  5 orc sorcerers
  A necromancer (IceCv)
  A moth of wrath (Gauntlet)
  3 meliai (D:15)
  16 black mambas
  7 elephants
  4 kobold blastminers
  Joseph (D:8)
  An ice statue (IceCv)
  12 naga magi
  4 rime drakes
  7 cane toads
  2 kobold demonologists
  An efreet (D:14)
  2 anaconda simulacra (IceCv)
  13 komodo dragons
  14 ice devils (IceCv)
  2 freezing wraiths (IceCv)
  2 tengu conjurers (D:14)
  11 trolls
  Grinder (D:4)
  A polar bear (shapeshifter) (D:14)
  A polar bear (Lair:3)
  3 tyrant leeches (Lair:5)
  13 blink frogs
  14 slime creatures
  A dream sheep (Lair:5)
  A shadow (D:12)
  2 dire elephant simulacra (IceCv)
  A centaur simulacrum (D:15)
  3 vampires
  40 yaks
  5 wyverns
  A wyvern (shapeshifter) (D:15)
  2 wraiths
  2 fire bats (Volcano)
  3 small abominations (Gauntlet)
  A water elemental (D:12)
  Grum (D:10)
  A steam dragon (D:8)
  4 wargs
  12 vampire mosquitoes
  2 basilisks
  4 death yak simulacra (IceCv)
  Edmund (D:5)
  46 nagas
  3 harpy simulacra (IceCv)
  5 hell hounds
  11 water moccasins
  31 orc warriors
  3 black bears
  3 ice beasts
  2 laughing skulls (D:13)
  14 wolves
  14 ogres
  3 boggarts (Lair:3)
  7 centaurs
  Blork the orc (D:5)
  4 kobold brigands
  9 bullfrogs
  4 scorpions
  2 gnoll sergeants (D:9)
  3 cane toad simulacra (IceCv)
  A two-headed ogre simulacrum (IceCv)
  2 wights (D:7)
  16 killer bees
  2 elephant simulacra (IceCv)
  2 electric eels (D:9)
  A wolf zombie (Gauntlet)
  A crimson imp (Gauntlet)
  4 howler monkeys
  5 hounds
  3 bombardier beetles
  A jelly (D:5)
  21 orc priests
  2 sleepcaps
  7 iguanas
  20 orc wizards
  7 polar bear simulacra (IceCv)
  A spriggan simulacrum (IceCv)
  4 wolf simulacra (IceCv)
  A troll simulacrum (IceCv)
  10 adders
  9 gnolls (D:9)
  4 orc zombies (Orc:2)
  2 white imps
  4 ufetubi
  4 dart slugs
  A ribbon worm (D:2)
  59 orcs
  2 bat zombies (D:4)
  4 endoplasms
  5 giant cockroaches
  7 goblins
  7 hobgoblins
  2 jackals (D:2)
  28 kobolds
  3 quokkas
  3 ball pythons
  5 bats
  2 frilled lizards
  2 frilled lizard zombies (D:4)
  A kobold zombie (D:11)
  6 rats
773 creatures vanquished.

Vanquished Creatures (collateral kills)
  A nagaraja (Snake:4)
  A stone giant (D:15)
  Azrael (D:14)
  A rakshasa (D:15)
  2 hydras
  An anaconda (Snake:2)
  2 boulder beetles
  A catoblepas (D:14)
  3 two-headed ogres
  4 naga warriors
  A centaur warrior (D:14)
  5 naga sharpshooters
  A shock serpent (Snake:3)
  2 salamander mystics (Snake:3)
  A goliath frog (Lair:5)
  A sea snake (Snake:2)
  A lindwurm (Lair:3)
  4 salamanders
  2 manticores
  6 elephants
  A guardian serpent (Snake:3)
  A kobold blastminer (Orc:2)
  7 black mambas
  3 naga magi (Snake:3)
  9 cane toads
  6 komodo dragons
  3 merfolk (Lair:3)
  4 trolls
  11 blink frogs
  3 dream sheep (Lair:5)
  5 slime creatures
  A wyvern (Lair:1)
  A fire bat (Volcano)
  28 yaks
  A vampire mosquito (Lair:5)
  A warg (Orc:2)
  A harpy simulacrum (D:15)
  6 nagas
  A hell hound (D:14)
  6 water moccasins
  3 orc warriors (Orc:2)
  2 ogres (D:15)
  A boggart (Lair:3)
  7 wolves
  A kobold brigand (D:10)
  4 bullfrogs
  3 wights (D:7)
  An electric eel (Lair:5)
  3 howler monkeys
  An orc priest (Orc:2)
  An orc wizard (Orc:2)
  7 orcs
  3 kobolds (D:10)
  A butterfly (Lair:3)
178 creatures vanquished.

Vanquished Creatures (others)
  An anaconda (Snake:2)
  3 dancing weapons
  2 anaconda zombies
  A salamander mystic (Snake:4)
  2 ugly thing zombies (D:15)
  A cyclops (Gauntlet)
  A shock serpent zombie (Snake:3)
  2 black mambas (Snake:3)
  2 elephants
  2 naga magi
  A rime drake (Lair:4)
  A komodo dragon (Lair:4)
  3 blink frogs
  A guardian serpent zombie (Snake:3)
  A jumping spider (Gauntlet)
  6 black mamba zombies
  3 yaks
  2 slime creature zombies (D:12)
  A warg (Orc:2)
  3 nagas
  2 two-headed ogre zombies
  3 cane toad zombies
  2 hell hounds (D:14)
  An orc warrior (Orc:2)
  7 blink frog zombies
  7 elephant zombies
  4 dream sheep zombies (Lair:5)
  A wolf (Lair:1)
  6 salamander zombies
  2 bullfrogs
  A komodo dragon zombie (Lair:5)
  3 warg zombies (Orc:2)
  4 hell hound zombies
  2 wyvern zombies
  3 water moccasin zombies (Lair:5)
  5 yak zombies
  A troll zombie (Orc:2)
  5 wolf zombies
  4 bullfrog zombies
  A centaur zombie (Volcano)
  A black bear zombie (Lair:4)
  An orc wizard (D:13)
  22 naga zombies
  3 ogre zombies
  3 kobold zombies (D:11)
  41 orc zombies
174 creatures vanquished.

Grand Total: 1125 creatures vanquished

Notes
Turn   | Place    | Note
-------+----------+-------------------------------------------
     0 | D:1      | Aldia the Vampire Enchanter began the quest for the Orb.
     0 | D:1      | Reached XP level 1. HP: 13/13 MP: 3/3
   118 | D:1      | Reached XP level 2. HP: 5/15 MP: 5/5
   124 | D:1      | Learned a level 2 spell: Ensorcelled Hibernation
   268 | D:1      | Reached skill level 5 in Stealth
   313 | D:1      | Found a faded altar of an unknown god.
  1038 | D:2      | Gained mutation: You are afflicted with vampirism and can
                  | become a bat while bloodless. [Vampire growth]
  1038 | D:2      | Reached XP level 3. HP: 16/19 MP: 6/6
  1042 | D:2      | Learned a level 3 spell: Confusing Touch
  1365 | D:2      | Reached skill level 1 in Ice Magic
  1831 | D:3      | Reached XP level 4. HP: 19/24 MP: 1/7
  1977 | D:3      | Found a bloodstained altar of Trog.
  2629 | D:4      | Noticed Grinder
  2712 | D:4      | Reached skill level 5 in Hexes
  2712 | D:4      | Reached XP level 5. HP: 18/28 MP: 1/8
  3031 | D:4      | Killed Grinder
  3032 | D:4      | Reached skill level 5 in Short Blades
  3032 | D:4      | Reached XP level 6. HP: 7/32 MP: 4/9
  3178 | D:4      | Reached skill level 1 in Fighting
  3178 | D:4      | Reached XP level 7. HP: 38/38 MP: 5/11
  3486 | D:4      | Found a hide-covered altar of Uskayaw.
  3554 | D:4      | Found an ancient bone altar of Kikubaaqudgha.
  3569 | D:4      | Became a worshipper of Kikubaaqudgha
  3665 | D:4      | Found a broken altar of Ashenzari.
  3669 | D:4      | Found a basalt altar of Yredelemnul.
  3689 | D:5      | Entered Level 5 of the Dungeon
  3845 | D:5      | Noticed Blork the orc
  3850 | D:5      | Killed Blork the orc
  3852 | D:5      | Found a shadowy altar of Dithmenos.
  4012 | D:5      | Identified the +3 leather armour of the Pirate {rElec rPois
                  | MP+9}
  4087 | D:5      | Noticed Edmund
  4100 | D:5      | Reached XP level 8. HP: 35/44 MP: 14/14
  4101 | D:5      | Killed Edmund
  4390 | D:6      | Learned a level 3 spell: Tukima's Dance
  4391 | D:6      | Found a burning altar of Makhleb.
  4438 | D:6      | Reached skill level 5 in Dodging
  4455 | D:6      | Reached * piety under Kikubaaqudgha
  4455 | D:6      | Received a gift from Kikubaaqudgha
  4526 | D:6      | Learned a level 4 spell: Animate Dead
  5015 | D:6      | Reached skill level 1 in Necromancy
  5040 | D:6      | Reached XP level 9. HP: 52/52 MP: 15/15
  5156 | D:6      | Noticed an angel
  5161 | D:6      | Found a shimmering altar of Xom.
  5267 | D:7      | Reached ** piety under Kikubaaqudgha
  5300 | D:7      | Reached skill level 2 in Necromancy
  5684 | D:7      | Found a staircase to the Ecumenical Temple.
  5691 | Temple   | Entered the Ecumenical Temple
  5810 | D:7      | Reached skill level 3 in Necromancy
  5972 | D:7      | Reached skill level 5 in Fighting
  6346 | D:8      | Noticed Gastronok
  6408 | D:8      | Found a staircase to the Lair.
  6408 | D:8      | Noticed an elephant
  6580 | D:8      | Reached skill level 10 in Stealth
  6580 | D:8      | Reached skill level 4 in Necromancy
  6676 | D:8      | Reached XP level 10. HP: 66/66 MP: 16/16
  6867 | D:8      | Reached *** piety under Kikubaaqudgha
  6867 | D:8      | Received a gift from Kikubaaqudgha
  6942 | D:8      | Found an ornate altar of the Wu Jian Council.
  6955 | D:8      | Noticed Joseph
  6964 | D:8      | Killed Joseph
  7150 | D:8      | Noticed a centaur warrior
  7173 | D:8      | Killed a centaur warrior
  7174 | D:8      | Reached skill level 5 in Necromancy
  7177 | D:8      | Identified the +1 scale mail of the Kappa {rF+ Str+3}
  7222 | D:8      | Noticed a two-headed ogre
  7224 | D:8      | Killed a two-headed ogre
  7263 | D:8      | Found a blossoming altar of Fedhas.
  7376 | D:8      | Reached skill level 5 in Spellcasting
  7455 | D:9      | Reached skill level 6 in Necromancy
  7758 | D:9      | Reached XP level 11. HP: 79/79 MP: 19/19
  7781 | D:9      | Found a runed translucent gate.
  7781 | D:9      | Found a runed translucent gate.
  7781 | D:9      | Found a runed translucent gate.
  7782 | D:9      | Noticed an 11-headed hydra
  7783 | D:9      | Noticed glumbocoin's ghost (novice TrSh)
  7872 | D:9      | Reached skill level 10 in Short Blades
  8053 | D:9      | Noticed a two-headed ogre
  8060 | D:9      | Killed a two-headed ogre
  8187 | D:9      | Reached **** piety under Kikubaaqudgha
  8307 | D:9      | Reached skill level 7 in Necromancy
  8691 | D:10     | Entered Level 10 of the Dungeon
  8691 | D:10     | Noticed Erolcha
  8755 | D:10     | Reached skill level 1 in Armour
  8769 | D:10     | Noticed Grum
  8781 | D:10     | Killed Erolcha
  8789 | D:10     | Killed Grum
  9080 | D:10     | Reached skill level 8 in Necromancy
  9159 | D:10     | Noticed a two-headed ogre
  9163 | D:10     | Killed a two-headed ogre
  9273 | D:10     | Noticed a boulder beetle
  9287 | D:10     | Killed a boulder beetle
  9288 | D:10     | Reached skill level 9 in Necromancy
  9311 | D:10     | Reached ***** piety under Kikubaaqudgha
  9498 | D:10     | Learned a level 4 spell: Dispel Undead
  9503 | D:10     | Learned a level 4 spell: Anguish
  9809 | D:11     | Noticed Lodul
  9845 | D:11     | Killed Lodul
 10018 | D:11     | Reached skill level 10 in Necromancy
 10080 | D:11     | Noticed a boulder beetle
 10085 | D:11     | Killed a boulder beetle
 10086 | D:11     | Reached XP level 12. HP: 88/88 MP: 21/21
 10344 | D:11     | Noticed a boulder beetle
 10350 | D:11     | Killed a boulder beetle
 10360 | D:11     | Learned a level 5 spell: Borgnjor's Vile Clutch
 10379 | D:11     | Reached skill level 1 in Earth Magic
 10535 | D:11     | Noticed an ettin
 10535 | D:11     | Noticed a tengu reaver
 10536 | D:11     | Found a runed translucent door.
 10538 | D:11     | Noticed a storm dragon
 10538 | D:11     | Noticed a frost giant
 10673 | Lair:1   | Entered Level 1 of the Lair of Beasts
 10965 | Lair:1   | Found a frozen archway.
 11011 | Lair:1   | Found a dark tunnel.
 11019 | Volcano  | Entered a volcano
 11033 | Volcano  | Noticed a two-headed ogre
 11033 | Volcano  | Noticed a two-headed ogre
 11044 | Volcano  | Killed a two-headed ogre
 11045 | Volcano  | Reached skill level 5 in Earth Magic
 11045 | Volcano  | Reached skill level 1 in Evocations
 11059 | Volcano  | Killed a two-headed ogre
 11172 | Volcano  | HP: 2/88 [salamander/+1 trident of flaming (4)]
 11461 | IceCv    | Entered an ice cave
 11804 | IceCv    | Reached skill level 10 in Hexes
 12060 | IceCv    | Found an ancient bone altar of Kikubaaqudgha.
 12087 | IceCv    | Reached XP level 13. HP: 87/93 MP: 23/23
 12256 | IceCv    | Reached ****** piety under Kikubaaqudgha
 13059 | Lair:1   | Noticed Urug
 13080 | Lair:1   | Killed Urug
 13291 | Lair:1   | Found a shimmering altar of Xom.
 14236 | Lair:2   | Found a staircase to the Snake Pit.
 14655 | Lair:3   | Reached skill level 5 in Evocations
 14782 | Lair:3   | Reached skill level 11 in Necromancy
 15010 | Lair:3   | Identified the +1 helmet "Huamm" {rPois rC+ Regen+}
 15033 | Lair:3   | Identified the +1 sling of the Boiling Point {freeze, rF++
                  | rN+ Str+2 Dex-4}
 15281 | Lair:3   | Reached skill level 10 in Dodging
 15416 | Lair:3   | Found a staircase to the Shoals.
 15938 | Lair:4   | Reached XP level 14. HP: 82/103 MP: 22/26
 16100 | Lair:4   | Reached skill level 1 in Summonings
 16200 | Lair:4   | Found a viscous altar of Jiyva.
 16609 | Lair:4   | Found a staircase to the Slime Pits.
 16888 | Lair:5   | Entered Level 5 of the Lair of Beasts
 16924 | Lair:5   | Reached skill level 10 in Earth Magic
 17025 | Lair:5   | Reached skill level 5 in Summonings
 17030 | Lair:5   | Learned a level 4 spell: Martyr's Knell
 17113 | Lair:5   | Found a gate leading to a gauntlet.
 17122 | Gauntlet | Entered a Gauntlet
 17122 | Gauntlet | Found a transporter.
 17122 | Gauntlet | Found a transporter.
 17122 | Gauntlet | Found a transporter.
 17178 | Gauntlet | Found a transporter.
 17181 | Gauntlet | Found a transporter.
 17189 | Gauntlet | Found a transporter.
 17192 | Gauntlet | Found a transporter.
 17201 | Gauntlet | Found a transporter.
 17215 | Gauntlet | Found a transporter.
 17237 | Gauntlet | Found a transporter.
 17238 | Gauntlet | Found a transporter.
 17248 | Gauntlet | Found a transporter.
 17499 | Gauntlet | Identified the +1 cloak of the Sunfish {*Corrode rPois
                  | Str+3 SInv}
 17519 | Gauntlet | Identified the +0 flail "Suutoog" {drain, Dex+4}
 17588 | Gauntlet | Identified the +10 dagger "Kademoar" {drain, rPois Will+}
 17588 | Gauntlet | Identified the ring "Suwite" {Wiz *Corrode rElec Dex+4}
 17601 | Gauntlet | Identified the +0 pair of gloves of Mikui {+Inv}
 17952 | Lair:5   | Reached skill level 12 in Necromancy
 19147 | D:12     | Identified a scroll of acquirement
 19149 | D:12     | Acquired a +5 vampiric quick blade
 19152 | D:12     | Identified a +7 quick blade of pain (a +5 vampiric quick
                  | blade bloodied by Kikubaaqudgha)
 19152 | D:12     | Received a gift from Kikubaaqudgha
 19206 | D:12     | Noticed Sonja
 19211 | D:12     | Killed Sonja
 19540 | D:12     | Noticed Nergalle
 19553 | D:12     | Killed Nergalle
 19719 | D:12     | Reached XP level 15. HP: 112/112 MP: 24/27
 19731 | D:12     | Reached skill level 13 in Necromancy
 19793 | D:12     | Found a staircase to the Orcish Mines.
 19876 | Orc:1    | Entered Level 1 of the Orcish Mines
 20109 | Orc:1    | Found Hiheolur's Antique Weapon Emporium.
 20362 | Orc:2    | Entered Level 2 of the Orcish Mines
 20710 | Orc:2    | Found a roughly hewn altar of Beogh.
 20711 | Orc:2    | Found Qefaitod's Antique Armour Shoppe.
 20732 | Orc:2    | Found Waomoc's Antique Weapon Shoppe.
 20807 | Orc:2    | Found Xuruhes's Jewellery Shop.
 20834 | Orc:2    | Found Jyclogg's General Store.
 20933 | Orc:2    | Found a staircase to the Elven Halls.
 21222 | Orc:2    | Found Nuna's Jewellery Shoppe.
 21457 | Orc:1    | Bought a runed demon blade for 576 gold pieces
 21559 | D:13     | Identified the ring of Joedghuta {Wiz *Slow rPois rF+}
 21654 | D:13     | Found Ininwuaq's Distillery.
 21663 | D:13     | Bought 2 potions of mutation for 224 gold pieces
 21723 | D:13     | Reached skill level 1 in Shields
 21906 | D:13     | Found a gate to the Vaults.
 22249 | D:14     | Noticed Azrael
 22261 | D:14     | Reached skill level 10 in Fighting
 22274 | D:14     | Killed Azrael
 22275 | D:14     | Reached skill level 14 in Necromancy
 22446 | D:14     | Identified the +6 quarterstaff of the Wasteland {freeze,
                  | Str+7}
 22955 | D:15     | Entered Level 15 of the Dungeon
 23196 | D:15     | Found an iron altar of Okawaru.
 23196 | D:15     | Identified the +11 spear of the Solstice {flame, rC- rCorr
                  | Dex+3}
 23231 | D:15     | Identified the +8 arbalest of Xom, Muttering {speed, Will-
                  | Int+6 Dex+5}
 23364 | D:15     | Reached XP level 16. HP: 114/122 MP: 28/28
 23377 | D:15     | Reached skill level 5 in Shields
 23627 | D:15     | Found a staircase to the Depths.
 24065 | Snake:1  | Entered Level 1 of the Snake Pit
 24834 | Snake:2  | Noticed Louise
 24847 | Snake:2  | Killed Louise
 25054 | Snake:2  | Noticed Donald
 25067 | Snake:2  | Killed Donald
 25068 | Snake:2  | Reached skill level 15 in Necromancy
 25336 | Snake:2  | Identified the serpent talisman of Bad Feelings {rN++
                  | Will++ Int-3}
 25336 | Snake:2  | Noticed Aizul
 25358 | Snake:2  | Killed Aizul
 25548 | Snake:2  | Identified the +1 chain mail "Yrchas Ysegh" {rCorr MP+9
                  | Str+2 Stlth+}
 25744 | Snake:3  | Noticed Nikola
 25770 | Snake:3  | Killed Nikola
 25799 | Snake:3  | HP: 3/123 [salamander mystic/+0 dagger (8)]
 25928 | Snake:3  | Noticed Vashnia
 25953 | Snake:3  | Killed Vashnia
 25954 | Snake:3  | Reached XP level 17. HP: 72/129 MP: 21/29
 26060 | Snake:3  | Noticed Mlioglotl
 26083 | Snake:3  | Killed Mlioglotl
 26700 | Snake:4  | Entered Level 4 of the Snake Pit
 26715 | Snake:4  | Found Yviciy's Weapon Shoppe.
 26940 | Snake:4  | Found Pufa's Book Emporium.
 26943 | Snake:4  | Bought a book of Death for 440 gold pieces
 27075 | Snake:4  | Found Heablif's Magic Scroll Shoppe.
 27091 | Snake:4  | Bought a scroll of teleportation for 57 gold pieces
 27091 | Snake:4  | Bought a scroll of summoning for 180 gold pieces
 27381 | Snake:4  | HP: 5/131 [shock serpent/bolt of electricity (8)]
 27382 | Snake:4  | Slain by a salamander

Illustrated notes

Levels and vault maps discovered:
D:1:      saegor_arrival_simple_e, layout_loops_cross,
          shapermc_ecumenical_altar_totnotflames
D:2:      layout_basic, kennysheep_generic_room_9
D:3:      layout_basic, trog_book, st_stairs_6
D:4:      layout_cave_pools, lemuel_doored_altar, grunt_temple_overflow_diamond,
          lemuel_zombie_altar_kikubaaqudgha, uniq_grinder
D:5:      layout_basic, nicolae_overflow_crystal_walls, uniq_blork_the_orc,
          uniq_edmund
D:6:      layout_rooms, grunt_temple_overflow_order_and_chaos_1,
          mainiacjoe_overflow_concentric_impassable
D:7:      layout_loops_corners, temple_green
D:8:      minmay_tri_box, layout_basic, mainiacjoe_overflow_brackets,
          kennysheep_mini, david_lair_generic, grunt_ministairs_12,
          eino_curves_01, uniq_joseph, uniq_gastronok
D:9:      layout_irregular_city, serial_rivers, chequers_serial_rivers_small_b,
          chequers_serial_rivers_small_b, chequers_serial_rivers_micro_e,
          chequers_serial_rivers_micro_b, chequers_serial_rivers_large_a,
          chequers_serial_rivers_room_a, gammafunk_ghost_hydra_chop,
          minivault_16, minivault_14
D:10:     layout_cave_pools, minivault_10, uniq_erolcha, uniq_grum
D:11:     minmay_gate_of_8, layout_loops_ring, uniq_lodul
D:12:     layout_roguey, erik_orc_2, minmay_misc_feat_iff, uniq_sonja,
          uniq_nergalle
D:13:     layout_big_octagon, david_vaults_1, serial_shops, shop_fountains,
          minmay_mirror_moons_of_madness
D:14:     layout_long_grid, minivault_24, uniq_azrael
D:15:     grunt_enter_depths_giant_problem, layout_basic,
          okawaru_ov_weapons_minmay
Temple:   nicolae_temple_ecumenical_triangle
Lair:1:   layout_regular_city, nicolae_volcano_entry_hallway,
          portal_ice_cave_entry_pillars_2, lemuel_oklob_altar, uniq_urug
Lair:2:   layout_chaotic_city, minmay_snake_entry_guardpost_medium,
          grunt_megastairs_1, infiniplex_staircase_pool
Lair:3:   layout_chaotic_city, mainiacjoe_shoals_entry_four_pools,
          minmay_lair_oklob_items, kilobyte_rumbling_trees, lemuel_fruit_fields
Lair:4:   layout_cave_pods, minmay_slime_entry_oklob_open, beast_lair_carwin_6
Lair:5:   minmay_lair_end_frog_pond, layout_gridlike, gauntlet_entry_generic,
          grunt_megastairs_3, serial_bayou_shore_b
Snake:1:  layout_misc_corridors, grunt_megastairs_5
Snake:2:  layout_cave_town, nicolae_snake_springs, uniq_donald, uniq_louise,
          uniq_aizul
Snake:3:  layout_onion_interference, nicolae_snake_guarding_the_ruins,
          uniq_mlioglotl, uniq_nikola, uniq_vashnia
Snake:4:  johnstein_snake_rune_scales, layout_onion, serial_shops, shop, shop,
          shop, nicolae_snake_gridmaze_swirls
Orc:1:    layout_caves, serial_shops, shop
Orc:2:    grunt_orc_cross, layout_caves, serial_shops, shop,
          nicolae_orc_stalacmites

Skill      XL: |  1  2  3  4  5  6  7  8  9 10 11 12 13 14 15 16 17 |
---------------+----------------------------------------------------+-----
Stealth        | 5 6 8 10 12 | 12.0
Short Blades   | 2 3 5 7 9 10 14 | 14.0
Ice Magic      | 1 |  1.0
Hexes          | 5 6 8 10 | 10.0
Fighting       | 1 2 4 5 6 7 8 10 11 | 11.0
Spellcasting   | 3 4 5 6 7 8 |  8.3
Dodging        | 3 6 7 8 9 10 11 13 14 | 14.5
Necromancy     | 1 4 6 10 11 12 14 15 | 15.4
Armour         | 2 3 |  3.2
Earth Magic    | 7 9 10 | 10.0
Evocations     | 2 5 |  5.0
Summonings     | 5 |  5.0
Shields        | 4 6 |  6.9

Action                     |  1- 3 |  4- 6 |  7- 9 | 10-12 | 13-15 | 16-18 || total
---------------------------+-------+-------+-------+-------+-------+-------++-------
  Melee: Dagger            |    84 |    66 |   248 |   599 |   787 |       ||  1784
         Bite              |     9 |     4 |    26 |    90 |   240 |   104 ||   473
         Quick blade       |       |       |       |       |   785 |   664 ||  1449
  Throw: Dart              |       |       |       |       |     1 |       ||     1
   Cast: Ensorcelled Hiber |     9 |    16 |    68 |   112 |    86 |       ||   291
         Confusing Touch   |       |     2 |     3 |    15 |    19 |     1 ||    40
         Tukima's Dance    |       |       |     5 |     7 |    11 |     1 ||    24
         Animate Dead      |       |       |       |     8 |    19 |     7 ||    34
         Dispel Undead     |       |       |       |    17 |    32 |       ||    49
         Anguish           |       |       |       |     2 |     7 |     6 ||    15
         Borgnjor's Vile C |       |       |       |       |    22 |    18 ||    40
         Martyr's Knell    |       |       |       |       |     5 |    14 ||    19
 Invoke: Unearth Wretches  |       |       |       |       |     5 |     1 ||     6
         Torment           |       |       |       |       |     1 |       ||     1
         Brand Weapon With |       |       |       |       |     1 |       ||     1
Ability: Exsanguinate      |     1 |       |       |       |       |       ||     1
         Revivify          |       |       |     1 |       |       |       ||     1
  Evoke: Wand              |       |       |       |     8 |    13 |     1 ||    22
         Condenser vane    |       |       |       |     1 |     2 |       ||     3
         Phial of floods   |       |       |       |       |     1 |       ||     1
    Use: Scroll            |     6 |     3 |     6 |     7 |    22 |     5 ||    49
         Potion            |       |       |     1 |       |     4 |     4 ||     9
   Stab: Sleeping          |    28 |    23 |    63 |    77 |    56 |     9 ||   256
         Distracted        |       |     2 |     3 |     2 |    19 |    11 ||    37
         Confused          |       |     2 |     2 |    22 |    28 |     2 ||    56
         Paralysed         |       |       |       |       |     8 |     1 ||     9
         Invisible         |       |       |       |       |     2 |     7 ||     9
         Fleeing           |       |       |       |       |       |     1 ||     1
 Armour: Robe              |    18 |    25 |    13 |       |       |       ||    56
         Leather armour    |       |       |   151 |   328 |   520 |   240 ||  1239
         Steam dragon scal |       |       |       |       |    14 |       ||    14
  Dodge: Dodged            |    41 |    27 |   188 |   474 |  1151 |   372 ||  2253
  Block: Buckler           |       |       |       |       |    44 |   121 ||   165

Table legend: (Time is in decaauts)
 A = Elapsed time spent in this place.
 B = Non-inter-level travel time spent in this place.
 C = Inter-level travel time spent in this place.
 D = Time resting spent in this place.
 E = Time spent auto-exploring this place.
 F = Levels seen in this place.
 G = Mean time per level.
                   A        B        C        D        E       F      G
               +--------+--------+--------+--------+--------+-----+--------+
         Total |  26456 |  24947 |   1509 |   1154 |  16769 |  30 |  881.9 |
       Dungeon |  13804 |  12907 |    897 |    284 |   9310 |  15 |  920.3 |
        Temple |      1 |      1 |      0 |      0 |      0 |   1 |    1.0 |
          Lair |   5528 |   5188 |    340 |     24 |   3824 |   5 | 1105.6 |
     Snake Pit |   3199 |   3100 |     99 |     30 |   2323 |   4 |  799.8 |
  Orcish Mines |   1568 |   1396 |    172 |     83 |    885 |   2 |  784.0 |
      Ice Cave |   1419 |   1419 |      0 |    553 |    207 |   1 | 1419.0 |
       Volcano |    395 |    395 |      0 |    110 |      0 |   1 |  395.0 |
      Gauntlet |    538 |    538 |      0 |     70 |    220 |   1 |  538.0 |
               +--------+--------+--------+--------+--------+-----+--------+

Top non-repeatable levels by time:
   IceCv: 1419 daAuts
     D:9: 1316 daAuts
  Lair:5: 1269 daAuts
     D:7: 1264 daAuts
  Lair:1: 1181 daAuts
  Lair:4: 1146 daAuts
     D:3: 1077 daAuts
  Lair:3: 1058 daAuts
     D:8: 1049 daAuts
     D:4: 1008 daAuts
 Snake:3: 1007 daAuts
    D:11: 1006 daAuts
 Snake:2: 1002 daAuts
   Orc:2: 916 daAuts
    D:12: 901 daAuts
